 Dungeon Crawl Stone Soup version 0.19.4-8-ga85b6b9 (webtiles) character file.

1429 empire the Digger (level 8, -5/46 HPs)
             Began as a Gargoyle Earth Elementalist on Feb 10, 2017.
             Was a Follower of Sif Muna.
             Slain by an orc warrior
             ... wielding a +0 halberd
              (10 damage)
             ... on level 6 of the Dungeon.
             The game lasted 00:19:45 (6652 turns).

empire the Digger (Gargoyle Earth Elementalist)     Turns: 6652, Time: 00:19:45

Health: -5/46      AC: 15    Str: 12    XL:     8   Next: 73%
Magic:  1/15       EV: 11    Int: 23    God:    Sif Muna [*.....]
Gold:   121        SH:  0    Dex: 10    Spells: 7 memorised, 0 levels left

rFire  + . .     SeeInvis .     a - +0 dagger (drain)
rCold  x . .     Gourm    .     u - +0 leather armour
rNeg   + . .     Faith    .     (no shield)
rPois  ∞         Spirit   .     (no helmet)
rElec  +         Reflect  .     (no cloak)
rCorr  .         Harm     .     n - +2 pair of gloves
MR     .....                    (no boots)
Stlth  ++........               (no amulet)
                                q - +3 ring of protection
                                g - ring of fire

@: brilliant
A: negative energy resistance 1, electricity resistance, unbreathing,
petrification resistance, rot immunity, AC +5
a: Divine Energy, Renounce Religion


You were on level 6 of the Dungeon.
You worshipped Sif Muna.
Sif Muna was aware of your devotion.
You were not hungry.

You visited 2 branches of the dungeon, and saw 7 of its levels.

You collected 381 gold pieces.
You spent 260 gold pieces at shops.

Inventory:

Hand Weapons
 a - a +0 dagger of draining (weapon)
 f - a +0 falchion
 s - a +0 morningstar
 v - a +3 dagger
 y - a +0 scythe
 D - a +0 rapier
Armour
 n - a +2 pair of gloves (worn)
 u - a +0 leather armour (worn)
 w - a +0 robe of magic resistance
Jewellery
 g - a ring of fire (left hand)
 q - a +3 ring of protection (right hand)
Scrolls
 b - a scroll of identify
 j - a scroll of immolation
 l - 2 scrolls of amnesia
 r - a scroll of magic mapping
Potions
 m - a potion of lignification
 z - a potion of magic {unknown}
 C - a potion of curing
Books
 e - a book of Geomancy

   Spells                             Type                      Level
   a - Sandblast                      Earth                        1
   b - Passwall                       Transmutation/Earth          2
   c - Stone Arrow                    Conjuration/Earth            3
   d - Petrify                        Transmutation/Earth          4
   e - Lee's Rapid Deconstruction     Earth                        5
 E - a book of Minor Magic

   Spells                             Type                      Level
   a - Magic Dart                     Conjuration                  1
   b - Blink                          Translocation                2
   c - Call Imp                       Summoning                    2
   d - Repel Missiles                 Charms/Air                   2
   e - Slow                           Hexes                        2
   f - Conjure Flame                  Conjuration/Fire             3
   g - Mephitic Cloud                 Conjuration/Poison/Air       3
Comestibles
 c - 2 chunks of flesh
 d - 4 bread rations
 i - 2 slices of pizza
 x - 5 beef jerkies
 A - 3 fruits
 B - 2 meat rations


   Skills:
 - Level 3.0 Fighting
 + Level 5.2 Armour
 - Level 1.5 Dodging
 - Level 2.1 Stealth
 + Level 4.7 Spellcasting
 + Level 3.9 Conjurations
 - Level 3.0 Transmutations
 + Level 6.9 Earth Magic


You couldn't memorise any spells.
You knew the following spells:

 Your Spells              Type           Power        Failure   Level  Hunger
a - Sandblast             Erth           ######       1%          1    None
b - Passwall              Tmut/Erth      #####.....   1%          2    None
c - Stone Arrow           Conj/Erth      #####.       1%          3    ##.....
d - Petrify               Tmut/Erth      #####...     2%          4    ####...
e - Blink                 Tloc           N/A          2%          2    None
f - Call Imp              Summ           ###.....     2%          2    None
g - Repel Missiles        Chrm/Air       ###...       2%          2    None


Dungeon Overview and Level Annotations

Branches:
Dungeon (6/15)             Temple (1/1) D:4

Altars:
Cheibriados
Dithmenos
Elyvilon
Fedhas
Gozag
Hepliaklqana
Nemelex Xobeh
Qazlal
Ru
Sif Muna
Trog
Uskayaw
Vehumet
Xom
The Shining One

Shops:
D:6 :

Annotations:
D:5 Squonk's ghost, novice DsTm


Innate Abilities, Weirdness & Mutations

You are resistant to torment.
Your stone body is resilient. (AC +5)
You are immune to poison.
You resist negative energy. (rN+)
You are resistant to electric shocks. (rElec)
You can survive without breathing.
You are immune to petrification.
You are immune to rotting.


Message History

Your +0 leather armour unmelds from your body.
You feel a little less mighty now.
The orc warrior hits you but does no damage.
Okay, then.
Okay, then.
Unknown command.
As you read the scroll of fog, it crumbles to dust.
The scroll dissolves into smoke.
The orc warrior hits you from afar with a halberd.
* * * LOW HITPOINT WARNING * * *
You feel clever all of a sudden.
Casting: Stone Arrow
Confirm with . or Enter, or press ? or * to list all spells.
Aiming: Stone Arrow
Press: ? - help, Shift-Dir - straight line, f/p - orc warrior
Aim: an orc warrior, wielding a halberd and wearing a plate armour (lightly wounded)
The stone arrow hits the orc warrior.
The orc warrior is moderately wounded.
The orc warrior hits you from afar with a halberd!
You die...

...## ####.##..#..##......# #
......######.....##..#......# #
...##.......###.............#####
#........)......##..##........^.
#.<...[....#.###..<.#...###..
#........###...#....#...###.#
#............#.#....######..#
#...)§..#.............#....##
#....§..#...@....#..###+###..
.###...§§..#.o.........# #..
......§.§..#....#...#.. #..
..#####.....#####.#..#. ##.
#.###.# ##.......# ##.
###...#.###...#.#..# #..
#............##..#.########<
#.....................(.....
#.....∩......####..#..#.##.#


You could see an orc warrior.

Vanquished Creatures
  Sigmund (D:5)
  A wyvern (D:5)
  2 phantoms
  An ogre (D:6)
  2 bullfrogs (D:6)
  A scorpion (D:4)
  A crimson imp (D:6)
  Jessica (D:3)
  2 orc wizards
  An iguana (D:4)
  7 worker ants
  Natasha (thrice) (D:2)
  A killer bee zombie (D:5)
  A worker ant zombie (D:5)
  13 adders
  2 oozes
  An adder zombie (D:5)
  An adder skeleton (D:4)
  A worm (D:2)
  2 dart slugs (D:1)
  10 leopard geckos
  17 orcs
  2 ball pythons
  7 giant cockroaches
  5 goblins
  5 hobgoblins
  8 jackals
  4 quokkas
  10 bats
  7 frilled lizards
  6 kobolds
  A quokka skeleton (D:4)
  9 rats
136 creatures vanquished.

Notes
Turn   | Place    | Note
-------+----------+-------------------------------------------
     0 | D:1      | empire the Gargoyle Earth Elementalist began the quest for the Orb.
     0 | D:1      | Reached XP level 1. HP: 10/10 MP: 3/3
   354 | D:1      | Reached XP level 2. HP: 13/16 MP: 1/5
   633 | D:1      | Reached skill level 4 in Earth Magic
   853 | D:1      | Reached skill level 1 in Fighting
   853 | D:1      | Reached skill level 1 in Armour
  1029 | D:1      | Reached XP level 3. HP: 20/20 MP: 4/6
  1191 | D:2      | Noticed Natasha
  1200 | D:2      | Killed Natasha
  1200 | D:2      | Reached XP level 4. HP: 22/26 MP: 1/7
  1470 | D:2      | Noticed Natasha
  1478 | D:2      | Killed Natasha
  1928 | D:2      | Reached XP level 5. HP: 17/30 MP: 8/8
  2019 | D:2      | Noticed Natasha
  2026 | D:2      | Killed Natasha
  2170 | D:2      | Learned a level 2 spell: Passwall
  2571 | D:3      | Noticed Jessica
  2593 | D:3      | Killed Jessica
  2593 | D:3      | Reached skill level 1 in Transmutations
  2593 | D:3      | Reached skill level 5 in Earth Magic
  2693 | D:3      | Reached XP level 6. HP: 36/36 MP: 10/10
  2753 | D:3      | Found a shadowy altar of Dithmenos.
  3323 | D:3      | Found an opulent altar of Gozag.
  3323 | D:3      | Found a sparkling altar of Nemelex Xobeh.
  3592 | D:4      | Found a staircase to the Ecumenical Temple.
  3618 | Temple   | Entered the Ecumenical Temple
  3798 | Temple   | Became a worshipper of Sif Muna the Loreminder
  3830 | Temple   | Learned a level 3 spell: Stone Arrow
  4320 | D:4      | Noticed a phantom
  4331 | D:4      | Killed a phantom
  4331 | D:4      | Reached skill level 1 in Conjurations
  4331 | D:4      | Reached XP level 7. HP: 35/41 MP: 5/12
  4761 | D:5      | Entered Level 5 of the Dungeon
  4761 | D:5      | Noticed Squonk's ghost (novice DsTm)
  4772 | D:5      | Noticed Sigmund
  4887 | D:5      | Killed Sigmund
  4893 | D:4      | Reached * piety under Sif Muna
  4893 | D:4      | Reached skill level 6 in Earth Magic
  5159 | D:5      | Noticed a wyvern
  5168 | D:5      | Killed a wyvern
  5168 | D:5      | Reached XP level 8. HP: 33/46 MP: 7/14
  5800 | D:6      | Found Udobba Loklu's Book Shop.
  6211 | D:6      | Reached skill level 5 in Armour
  6586 | D:6      | Bought a book of Minor Magic for 260 gold pieces
  6606 | D:6      | Learned a level 4 spell: Petrify
  6609 | D:6      | Learned a level 2 spell: Blink
  6612 | D:6      | Learned a level 2 spell: Call Imp
  6615 | D:6      | Learned a level 2 spell: Repel Missiles
  6652 | D:6      | Slain by an orc warrior

Skill      XL: |  1  2  3  4  5  6  7  8 |
---------------+-------------------------+-----
Earth Magic    | 4 5 6 |  6.9
Fighting       | 1 2 3 |  3.0
Armour         | 1 2 3 4 5 |  5.2
Transmutations | 1 2 3 |  3.0
Spellcasting   | 3 4 |  4.7
Conjurations   | 1 2 3 |  3.9
Dodging        | |  1.5
Stealth        | |  2.1

Action                   |  1- 3 |  4- 6 |  7- 9 || total
-------------------------+-------+-------+-------++-------
Melee: Dagger            |    39 |   300 |   140 ||   479
 Cast: Sandblast         |    30 |    68 |    90 ||   188
       Stone Arrow       |       |       |    10 ||    10
  Use: Scroll            |       |    10 |     2 ||    12
       Potion            |       |     1 |     6 ||     7
 Stab: Sleeping          |     1 |     4 |       ||     5
  Eat: Chunk             |     1 |    11 |     8 ||    20
Armor: Robe              |    24 |    31 |       ||    55
       Leather armour    |       |   199 |   122 ||   321
       Skin              |       |       |     1 ||     1
Dodge: Dodged            |    39 |   272 |   114 ||   425
